 Dungeon Crawl Stone Soup version 0.19.1-1-g22dce08 (webtiles) character file.

5917 galech the Basher (level 10, -11/113 HPs)
             Began as an Ogre Berserker on Jan 7, 2017.
             Was an Elder of Trog.
             Mangled by an ice devil (12 damage)
             ... summoned by an orc sorcerer
             ... on level 1 of the Orcish Mines.
             The game lasted 00:22:12 (12282 turns).

galech the Basher (Ogre Berserker)                 Turns: 12282, Time: 00:22:13

Health: -11/113    AC: -18   Str: 27    XL:     10   Next: 83%
Magic:  10/10      EV: 12    Int: 11    God:    Trog [****..]
Gold:   676        SH:  0    Dex:  9    Spells: 0 memorised, 9 levels left

rFire  . . .     SeeInvis +     w - +12 mace "Kopaan" {flame, *Drain rN+ Int+3 SInv}
rCold  . . .     Gourm    .     O - +2 robe
rNeg   + . .     Faith    .     (no shield)
rPois  .         Spirit   .     (helmet restricted)
rElec  .         Reflect  .     P - +0 cloak {+Inv}
rCorr  .         Harm     +     (gloves unavailable)
MR     ++...     Rnd*Rage +     (boots unavailable)
Stlth  ++........               H - amulet of harm
                                (no ring)
                                L - +2 ring of intelligence

@: corroded, drained
A: unfitting armour, antennae 1, berserk 1, blurry vision 1, magic resistance 1,
slow regeneration 1, tough skin 1
a: Berserk, Trog's Hand, Brothers in Arms, Burn Spellbooks, Renounce Religion,
Evoke Invisibility


You were on level 1 of the Orcish Mines.
You worshipped Trog.
Trog was greatly pleased with you.
You were very hungry.

You visited 2 branches of the dungeon, and saw 10 of its levels.

You collected 676 gold pieces.

Inventory:

Hand Weapons
 a - a +0 mace
 t - a +0 giant spiked club
 w - the +12 mace "Kopaan" (weapon) {flame, *Drain rN+ Int+3 SInv}
   (You found it on level 4 of the Dungeon)

   It has been specially enchanted to burn those struck by it, causing extra
   injury to most foes and up to half again as much damage against particularly
   susceptible opponents.
   It affects your intelligence (+3).
   It protects you from negative energy.
   It lets you see invisible.
   It causes draining when unequipped.
Armour
 b - a +0 animal skin
 O - a +2 robe (worn)
 P - a +0 cloak of invisibility (worn)
Jewellery
 n - an uncursed amulet of rage
 H - an amulet of harm (around neck)
 L - a +2 ring of intelligence (left hand)
 S - an uncursed amulet of magic regeneration {unknown}
Wands
 v - a wand of random effects (39/48)
 y - a wand of slowing (25/48)
Scrolls
 e - 5 scrolls of remove curse
 h - a scroll of noise
 j - 5 scrolls of teleportation
 l - 4 scrolls of amnesia
 o - a scroll of recharging
 q - 2 scrolls of immolation
 s - a scroll of enchant armour {unknown}
 u - 5 scrolls of enchant weapon
 x - a scroll of fear {unknown}
 E - a scroll of magic mapping {unknown}
 I - 2 scrolls of brand weapon
 K - 2 scrolls of fog {unknown}
 R - a scroll of vulnerability {unknown}
Potions
 d - 2 potions of resistance
 g - 3 potions of lignification {unknown}
 i - 4 potions of curing {unknown}
 m - a potion of heal wounds {unknown}
 p - 2 potions of might {unknown}
 r - a potion of agility {unknown}
 z - 2 potions of brilliance {unknown}
 A - 2 potions of cure mutation {unknown}
 D - a potion of invisibility {unknown}
 F - 2 potions of magic {unknown}
 J - a potion of mutation {unknown}
 M - a potion of flight {unknown}
 N - 2 potions of berserk rage {unknown}
Books
 B - a Young Poisoner's Handbook

   Spells                             Type                      Level
   a - Sting                          Conjuration/Poison           1
   b - Mephitic Cloud                 Conjuration/Poison/Air       3
   c - Olgreb's Toxic Radiance        Poison                       4
   d - Alistair's Intoxication        Transmutation/Poison         5
   e - Venom Bolt                     Conjuration/Poison           5
   Trog disapproves of the use of such an item.
 C - a book of Callings

   Spells                             Type                      Level
   a - Summon Small Mammal            Summoning                    1
   b - Call Imp                       Summoning                    2
   c - Call Canine Familiar           Summoning                    3
   d - Summon Guardian Golem          Hexes/Summoning              3
   e - Summon Lightning Spire         Summoning/Air                4
   f - Summon Ice Beast               Ice/Summoning                4
   Trog disapproves of the use of such an item.
 G - a book of Misfortune

   Spells                             Type                      Level
   a - Confusing Touch                Hexes                        1
   b - Confuse                        Hexes                        3
   c - Gell's Gravitas                Hexes/Translocation          3
   d - Petrify                        Transmutation/Earth          4
   e - Metabolic Englaciation         Hexes/Ice                    5
   f - Yara's Violent Unravelling     Hexes/Transmutation          5
   Trog disapproves of the use of such an item.
Comestibles
 c - 7 bread rations
 f - 8 meat rations
 k - 2 beef jerkies


   Skills:
 + Level 11.0(10.7) Fighting
 + Level 14.0(13.6) Maces & Flails
 + Level 6.9(6.6) Dodging
 + Level 3.9(3.6) Stealth


You had 9 spell levels left.
You didn't know any spells.

Dungeon Overview and Level Annotations

Branches:
Dungeon (9/15)             Temple (0/1) D:5             Orc (1/2) D:9
   Lair: D:8-11

Altars:
Ashenzari
Cheibriados
Dithmenos
Elyvilon
Okawaru
Ru
Sif Muna
Trog


Innate Abilities, Weirdness & Mutations

You are too large for most types of armour.
You have tough skin. (AC +1)
You have a pair of small antennae on your head.
You tend to lose your temper in combat.
Scrolls take you a little longer to read.
You are resistant to hostile enchantments. (MR+)
You regenerate slowly when monsters are visible.


Message History

The rust devil hits you.
* * * LOW HITPOINT WARNING * * *
The rust devil corrodes you! The ice devil hits you.
* * * LOW HITPOINT WARNING * * *
The ice devil freezes you!
* * * LOW HITPOINT WARNING * * *
Really read with blurry vision while enemies are nearby?
Okay, then.
The orc sorcerer hits you but does no damage.
The ice devil misses you.
There is a staircase back to the Dungeon, spattered with blood here.
The orc closely misses you.
The orc sorcerer hits you with a dagger of flaming.
* * * LOW HITPOINT WARNING * * *
The orc sorcerer burns you.
* * * LOW HITPOINT WARNING * * *
The ice devil hits you.
* * * LOW HITPOINT WARNING * * *
The ice devil freezes you!
You die...

##....# ###.
.......#.#. .
#......$.#
#.#....#...#
...........#
#.........## #
.##....4...#....
.......o@...#
.......o4.......
...#...........#
................
................
................
.....$..........
................


You could see an ice devil, a rust devil, an orc sorcerer and an orc.

Vanquished Creatures
  Pikel (D:8)
  Maurice (D:8)
  Psyche (D:8)
  The ghost of galech the Ruffian, an amateur TrMo (D:3)
  The ghost of HopefulHyena the Distorting Demonspawn, an amateur DsAK of Lugonu (D:4)
  Sigmund (D:4)
  A hungry ghost (D:9)
  2 wargs (D:9)
  A mottled dragon (D:8)
  6 orc warriors
  An ice beast (D:5)
  2 sky beasts
  4 slaves (D:8)
  A phantom (D:4)
  5 ogres
  2 centaurs
  A crocodile (D:7)
  A big kobold (D:9)
  4 bullfrogs
  A scorpion (D:9)
  A water moccasin skeleton (D:7)
  5 killer bees (D:9)
  4 wights (D:7)
  6 crimson imps
  A bullfrog zombie (D:9)
  4 orc priests
  Crazy Yiuf (D:4)
  4 hounds
  A jelly (D:5)
  7 orc wizards
  2 centaur skeletons
  A gnoll shaman (D:4)
  4 iguanas
  Terence (D:3)
  4 worker ants
  A hound skeleton (D:5)
  A howler monkey zombie (D:7)
  2 worker ant zombies
  4 gnolls
  A howler monkey skeleton (D:4)
  9 adders
  2 shadow imps
  An ooze (D:4)
  An adder zombie (D:9)
  3 worms
  2 dart slugs
  9 leopard geckos
  27 orcs
  A ball python (D:1)
  4 giant cockroaches
  10 hobgoblins
  7 jackals
  10 kobolds
  4 quokkas
  A ball python skeleton (D:4)
  13 bats
  5 frilled lizards
  18 goblins
  A quokka skeleton (D:4)
  8 rats
229 creatures vanquished.

Notes
Turn   | Place    | Note
-------+----------+-------------------------------------------
     0 | D:1      | galech the Ogre Berserker began the quest for the Orb.
     0 | D:1      | Reached XP level 1. HP: 24/24 MP: 1/1
    41 | D:1      | Reached XP level 2. HP: 24/32 MP: 2/2
   716 | D:1      | Reached XP level 3. HP: 25/40 MP: 3/3
  1063 | D:2      | Reached ** piety under Trog
  1142 | D:2      | Reached skill level 5 in Maces & Flails
  1535 | D:2      | Reached XP level 4. HP: 8/49 MP: 4/4
  2313 | D:3      | Reached skill level 5 in Fighting
  2313 | D:3      | Reached XP level 5. HP: 37/57 MP: 5/5
  2551 | D:3      | Reached skill level 6 in Maces & Flails
  2780 | D:3      | Noticed galech's ghost (amateur TrMo)
  2935 | D:4      | Noticed HopefulHyena's ghost (amateur DsAK)
  3017 | D:4      | Noticed a phantom
  3243 | D:4      | Killed HopefulHyena's ghost
  3243 | D:4      | Reached skill level 7 in Maces & Flails
  3243 | D:4      | Reached XP level 6. HP: 50/67 MP: 6/6
  3421 | D:4      | Killed a phantom
  3421 | D:4      | Reached XP level 7. HP: 35/75 MP: 7/7
  3760 | D:4      | Reached *** piety under Trog
  3764 | D:4      | HP: 3/76 [orc/trident (4)]
  3777 | D:5      | Entered Level 5 of the Dungeon
  3781 | D:5      | Reached skill level 8 in Maces & Flails
  4271 | D:4      | Reached skill level 1 in Stealth
  4423 | D:4      | Reached XP level 8. HP: 77/87 MP: 8/8
  4635 | D:4      | Noticed Sigmund
  4648 | D:4      | Killed Sigmund
  4648 | D:4      | Reached skill level 9 in Maces & Flails
  4849 | D:4      | Found a runed door.
  4852 | D:4      | Got a bloodstained mace
  4853 | D:4      | Identified the +12 mace "Kopaan" {flame, *Drain rN+ Int+3 SInv} (You found it on level 4 of the Dungeon)
  4855 | D:4      | Noticed Crazy Yiuf
  4860 | D:4      | Killed Crazy Yiuf
  5606 | D:3      | Noticed Terence
  5612 | D:3      | Killed Terence
  5708 | D:3      | Found a shattered altar of Ashenzari.
  5736 | D:3      | Killed galech's ghost
  5736 | D:3      | Reached skill level 10 in Maces & Flails
  5736 | D:3      | Reached skill level 5 in Dodging
  6260 | D:5      | Reached **** piety under Trog
  6312 | D:5      | Found a staircase to the Ecumenical Temple.
  6351 | D:5      | Reached XP level 9. HP: 80/97 MP: 9/9
  7191 | D:7      | Reached skill level 11 in Maces & Flails
  7287 | D:7      | Gained mutation: Scrolls take you a little longer to read. [mutagenic meat]
  7288 | D:7      | Gained mutation: You are resistant to hostile enchantments. (MR+) [mutagenic meat]
  7289 | D:7      | Gained mutation: You regenerate slowly when monsters are visible. [mutagenic meat]
  7290 | D:7      | Gained mutation: You tend to lose your temper in combat. [mutagenic meat]
  7291 | D:7      | Gained mutation: You have a pair of small antennae on your head. [mutagenic meat]
  7424 | D:7      | Received a gift from Trog
  7846 | D:7      | Reached skill level 12 in Maces & Flails
  8333 | D:7      | Found an iron altar of Okawaru.
  8334 | D:7      | Found a bloodstained altar of Trog.
  8578 | D:8      | Noticed Psyche
  8584 | D:8      | Killed Psyche
  8766 | D:8      | Noticed Maurice
  8777 | D:8      | Killed Maurice
  8777 | D:8      | Reached XP level 10. HP: 98/110 MP: 10/10
  8848 | D:8      | Reached skill level 13 in Maces & Flails
  9006 | D:8      | Reached skill level 10 in Fighting
  9354 | D:8      | Noticed Pikel
  9369 | D:8      | Killed Pikel
  9726 | D:9      | Found a sacrificial altar of Ru.
  9755 | D:9      | Found a snail-covered altar of Cheibriados.
  9876 | D:9      | Found a shadowy altar of Dithmenos.
  9876 | D:9      | Found a white marble altar of Elyvilon.
  9877 | D:9      | Found a deep blue altar of Sif Muna.
 10439 | D:9      | Found a staircase to the Orcish Mines.
 11087 | Orc:1    | Entered Level 1 of the Orcish Mines
 11089 | Orc:1    | Noticed an orc sorcerer
 12007 | D:9      | Reached skill level 14 in Maces & Flails
 12268 | Orc:1    | Noticed a rust devil
 12282 | Orc:1    | HP: 1/113 [ice devil[an orc sorcerer] (6)]
 12282 | Orc:1    | Mangled by an ice devil

Skill      XL: |  1  2  3  4  5  6  7  8  9 10 |
---------------+-------------------------------+-----
Dodging        | 3 4 5 6 |  6.9
Maces & Flails | 5 7 8 10 12 14 | 14.0
Fighting       | 5 6 7 8 9 11 | 11.0
Stealth        | 1 3 |  3.9

Action                   |  1- 3 |  4- 6 |  7- 9 | 10-12 || total
-------------------------+-------+-------+-------+-------++-------
Melee: Mace              |   136 |   158 |   221 |   140 ||   655
       Giant spiked club |       |       |    35 |       ||    35
Invok: Berserk           |       |     1 |     4 |       ||     5
  Use: Scroll            |       |       |     8 |     3 ||    11
 Stab: Sleeping          |       |       |     3 |     2 ||     5
  Eat: Chunk             |     2 |     5 |    23 |    11 ||    41
       Royal jelly       |       |     1 |     1 |       ||     2
       Pizza             |       |       |     1 |       ||     1
       Beef jerky        |       |       |       |     1 ||     1
Armor: Animal skin       |    63 |    52 |    25 |       ||   140
       Robe              |       |       |     2 |    27 ||    29
Dodge: Dodged            |   105 |    89 |   122 |    75 ||   391
